 Dungeon Crawl Stone Soup version 0.31-a0-321-g19405a7a6a (webtiles) character file.

Game seed: 3464127017918203981

246 LeprechaunX the Changeling (level 6, 0/41 HPs)
             Began as an Octopode Shapeshifter on July 17, 2023.
             Slain by an ogre
             ... wielding a +0 giant club
              (21 damage)
             ... on level 4 of the Dungeon.
             The game lasted 00:04:00 (2683 turns).

LeprechaunX the Changeling (Octopode Shapeshifter)  Turns: 2683, Time: 00:04:01

Health: 0/41       AC:  1    Str: 16    XL:     6   Next: 11%
Magic:  6/6        EV: 13    Int: 10    God:
Gold:   120        SH:  0    Dex: 13    Spells: 5/5 levels left

rFire   . .          .
                       - Unarmed
rCold   . . .        (no shield)
rNeg    . . .        (helmet currently unavailable)
rPois   .            (no amulet)
rElec   .            (no ring)
rCorr   .            (no ring)
SInv    .            (no ring)
Will    .....        (no ring)
Stlth   ++           (no ring)
HPRegen 0.26/turn    (no ring)
MPRegen 0.10/turn    (no ring)
                     (no ring)

%: no passive effects
@: beast-form
A: beast (slay +2), almost no armour, amphibious, 8 rings, camouflage 1,
gelatinous body 1, (nimble swimmer 1), tentacles
a: Begin Untransformation


You were on level 4 of the Dungeon.
You were a hulking beast.
You visited 1 branch of the dungeon, and saw 4 of its levels.

You collected 120 gold pieces.

Inventory:

Hand Weapons
 i - a +2 flail of holy wrath
Armour
 p - a +0 kite shield
Talismans
 b - a beast talisman
Wands
 o - a wand of iceblast (1)
Scrolls
 c - a scroll of immolation {unknown}
 d - 2 scrolls of enchant armour {unknown}
 e - 2 scrolls of identify {unknown}
 f - 2 scrolls of vulnerability {unknown}
 g - 2 scrolls of teleportation {unknown}
 k - a scroll of torment {unknown}
 m - a scroll of noise {unknown}
Potions
 a - a potion of lignification
 h - a potion of heal wounds {unknown}
 j - a potion of ambrosia {unknown}
 l - a potion of magic {unknown}
 n - a potion of mutation {unknown}


   Skills:
 + Level 2.9 Fighting
 + Level 3.0 Dodging
 * Level 3.9 Unarmed Combat
 * Level 4.1 Shapeshifting


You had 5 spell levels left.
You didn't know any spells.
Your spell library contained the following spells:

 Spells                   Type           Power      Damage    Failure   Level
 Wereblood                Tmut           0%         N/A       50%         2
 Irradiate                Conj/Tmut      0%         3d11      100%        5


Dungeon Overview and Level Annotations

Branches:
Dungeon (4/15)
 Temple: D:4-7

Altars:


Innate Abilities, Weirdness & Mutations

You are a hulking beast.
Your limbs bulge with bestial killing power. (Slay +2)
You cannot wear most types of armour.
You are amphibious.
You can wear up to eight rings at the same time.
Your skin changes colour to match your surroundings (Stealth+).
Your rubbery body absorbs attacks. (AC +1, EV +1)
((You are camouflaged when in or above water. (Stealth+)))
You have tentacles for arms and can constrict up to eight enemies at once.


Message History

You see here a +0 whip.
There is an escape hatch in the floor here.
Found a ring mail.
o - a wand of iceblast (1) Done exploring.
Done exploring.
Done exploring.
Done exploring.
Search for what [Enter for "."]? .
There is an escape hatch in the ceiling here.
There is an open door here.
Things that are here:
a +0 club; a +0 sling You see here a +0 whip.
There is an open door here.
You see here a +0 kite shield.
p - a +0 kite shield
(D) Dungeon
Where to? (Enter - D:3 @ (x,y), ? - help)
There is an open door here.
You see here a +0 whip.
Things that are here:
a +0 club; a +0 sling
There is an open door here.
There is an escape hatch in the ceiling here.
You see here a +0 short sword.
Things that are here:
a +0 chain mail; a +0 hand axe
Things that are here:
a +0 club; a +0 halberd
There is a stone staircase leading down here.
You climb downwards.
The ogre hits you with a +0 giant club!!
The iguana barely misses you.
A kobold comes into view. It is wielding a +0 whip.
The iguana closely misses you.
There is a stone staircase leading up, spattered with blood here.
The ogre hits you with a +0 giant club!!
Ouch! That really hurt!
You die...

...... ......
..l... ....K.
......####......
........#.......
...............#
...$.........#
...........# ..
........l..# ...
.#.....h...#
####...
#.....O...##.#.....
###.###............
#. ##.........## .
.#...##.[...###
..................
$..........##....
..##.............
.##..............


You could see an ogre, 2 iguanas and a kobold (wandering).

Vanquished Creatures
  An ogre (D:3)
  Jessica (D:2)
  3 gnolls (D:3)
  4 adders
  4 worms
  2 dart slugs
  2 orcs
  4 ball pythons
  2 endoplasms
  3 giant cockroaches
  5 goblins
  7 hobgoblins
  6 kobolds
  2 quokkas
  5 bats
  4 frilled lizards
  11 rats
66 creatures vanquished.

Notes
Turn   | Place    | Note
-------+----------+-------------------------------------------
     0 | D:1      | LeprechaunX the Octopode Shapeshifter began the quest for
                  | the Orb.
     0 | D:1      | Reached XP level 1. HP: 14/14 MP: 1/1
   101 | D:1      | Reached XP level 2. HP: 11/19 MP: 2/2
   423 | D:1      | Found a faded altar of an unknown god.
   715 | D:2      | Reached XP level 3. HP: 24/24 MP: 3/3
   958 | D:3      | Reached XP level 4. HP: 21/30 MP: 4/4
  1087 | D:3      | Noticed an ogre
  1170 | D:2      | Noticed Jessica
  1175 | D:2      | Killed Jessica
  1176 | D:2      | Reached XP level 5. HP: 35/35 MP: 5/5
  1659 | D:4      | Noticed an ogre
  2227 | D:3      | Killed an ogre
  2228 | D:3      | Reached skill level 4 in Shapeshifting
  2228 | D:3      | Reached XP level 6. HP: 29/41 MP: 6/6
  2683 | D:4      | Slain by an ogre

Illustrated notes

Levels and vault maps discovered:
D:1:      onia_arrival_mini_maze, layout_basic, basic_ecumenical_altar
D:2:      layout_basic, kennysheep_generic_room_4, uniq_jessica
D:3:      layout_basic, roderic_serpentine_path, minmay_cut_off
D:4:      cheibrodos_fertilizer, layout_cave_pools, nicolae_ashenzari_skybound,
          uniq_eustachio

Skill      XL: |  1  2  3  4  5 |
---------------+----------------+-----
Unarmed Combat | 3 |  3.9
Dodging        | 3 |  3.0
Shapeshifting  | 4 |  4.1
Fighting       | |  2.9

Action                     |  1- 3 |  4- 6 || total
---------------------------+-------+-------++-------
  Melee: Unarmed           |    51 |    70 ||   121
         Constrict         |    12 |    17 ||    29
         Tentacles         |     4 |    13 ||    17
         Punch             |     2 |     4 ||     6
   Stab: Sleeping          |     7 |    10 ||    17
 Armour: Skin              |     3 |     3 ||     6
  Dodge: Dodged            |    21 |    43 ||    64

Table legend: (Time is in decaauts)
 A = Elapsed time spent in this place.
 B = Non-inter-level travel time spent in this place.
 C = Inter-level travel time spent in this place.
 D = Time resting spent in this place.
 E = Time spent auto-exploring this place.
 F = Levels seen in this place.
 G = Mean time per level.
                   A        B        C        D        E       F      G
               +--------+--------+--------+--------+--------+-----+--------+
         Total |   2678 |   2273 |    405 |     71 |   1715 |   4 |  669.5 |
       Dungeon |   2678 |   2273 |    405 |     71 |   1715 |   4 |  669.5 |
               +--------+--------+--------+--------+--------+-----+--------+

Top non-repeatable levels by time:
     D:3: 1149 daAuts
     D:2: 838 daAuts
     D:1: 661 daAuts
     D:4: 27 daAuts
